 Dungeon Sprint DCSS version 0.30-a0-373-gd37427bb62 (webtiles) character file.

Game seed: 8657666213789858311

597 rocky1 the Skirmisher (level 7, -11/60 HPs)
             Began as a Gnoll Hunter on Nov 24, 2022.
             Was a High Priest of Cheibriados.
             Mangled by an ice devil (23 damage)
             ... in the Dungeon (Sprint VII: "The Pits").
             The game lasted 00:03:41 (635 turns).

rocky1 the Skirmisher (Gnoll Hunter)                 Turns: 635, Time: 00:03:43

Health: -11/60     AC:  9    Str: 22    XL:     7   Next: 40%
Magic:  15/15      EV: 18    Int: 20    God:    Cheibriados [*****.]
Gold:   0          SH:  0    Dex: 30    Spells: 17/17 levels left

rFire   . . .      SeeInvis .    p - +1 falchion (holy)
rCold   . . .      Faith    .    (no shield)
rNeg    . . .      Spirit   .    o - +3 ring mail
rPois   .          Reflect  .    (no helmet)
rElec   .          Harm     .    (no cloak)
rCorr   .          Rampage  .    (no gloves)
Will    .....      NoTele   +    (no boots)
Stlth   ++++......               (no amulet)
HPRegen 0.30/turn                (no ring)
MPRegen 0.14/turn                (no ring)

@: very slow
A: fangs 1, strong nose, distributed training
a: Renounce Religion, Bend Time, Temporal Distortion, Slouch, Step From Time


You were in the Dungeon.
You worshipped Cheibriados.
Cheibriados was extremely pleased with you.
You visited 1 branch

Inventory:

Hand Weapons
 a - a +0 shortbow
 b - a +2 long sword of flaming
 n - a +2 falchion of freezing
 p - a +1 falchion of holy wrath (weapon)
 q - a +0 great sword
Armour
 c - a +0 leather armour
 o - a +3 ring mail (worn)
Scrolls
 i - a scroll of blinking
 k - 5 scrolls of amnesia
 l - a scroll of summoning
 m - a scroll of immolation
Potions
 d - 6 potions of curing
 e - 4 potions of heal wounds
 f - a potion of haste
 g - 4 potions of magic
 h - a potion of berserk rage
 j - 2 potions of invisibility


   Skills:
 + Level 7.4 Fighting
 + Level 5.7 Short Blades
 + Level 5.7 Long Blades
 + Level 5.7 Axes
 + Level 5.7 Maces & Flails
 + Level 5.7 Polearms
 + Level 5.7 Staves
 + Level 10.3 Ranged Weapons
 + Level 5.7 Throwing
 + Level 5.7 Armour
 + Level 7.4 Dodging
 + Level 6.2 Stealth
 + Level 5.7 Shields
 + Level 5.7 Unarmed Combat
 + Level 5.7 Spellcasting
 + Level 4.7 Conjurations
 + Level 4.7 Hexes
 + Level 4.7 Summonings
 + Level 4.7 Necromancy
 + Level 4.7 Translocations
 + Level 4.7 Transmutations
 + Level 4.7 Fire Magic
 + Level 4.7 Ice Magic
 + Level 4.7 Air Magic
 + Level 4.7 Earth Magic
 + Level 4.7 Poison Magic
 + Level 6.2 Invocations
 + Level 5.7 Evocations


You had 17 spell levels left.
You didn't know any spells.
Your spell library was empty.

Dungeon Overview and Level Annotations

Branches:
Dungeon (1/1)

Altars:
Ashenzari
Cheibriados
Dithmenos
Elyvilon
Fedhas
Gozag
Hepliaklqana
Kikubaaqudgha
Makhleb
Nemelex Xobeh
Okawaru
Qazlal
Ru
Sif Muna
Trog
Uskayaw
Vehumet
Wu Jian
Xom
Yredelemnul
Zin
The Shining One
Jiyva
Lugonu


Innate Abilities, Weirdness & Mutations

You have very sharp teeth.
Your uncanny sense of smell can sniff out nearby items.
Your experience applies equally to all skills.


Message History

You closely miss the ice devil.
You bite the ice devil, but do no damage.
The ice devil is heavily wounded.
The ice devil completely misses you.
You closely miss the ice devil.
The ice devil is heavily wounded.
The ice devil completely misses you. The ice devil hits you.
The ice devil freezes you!
You hit the ice devil. You burn the ice devil. You punch the ice devil.
The ice devil is almost dead.
The ice devil misses you.
You closely miss the ice devil.
The ice devil is almost dead.
The ice devil barely misses you.
You hit the ice devil. You burn the ice devil.
The ice devil is almost dead.
The ice devil barely misses you.
You hit the ice devil but do no damage.
The ice devil is almost dead.
The ice devil completely misses you.
You hit the ice devil but do no damage.
The ice devil is almost dead.
The ice devil barely misses you.
You closely miss the ice devil. Your bite misses the ice devil.
The ice devil is almost dead.
The ice devil closely misses you.
You closely miss the ice devil. You punch the ice devil.
The ice devil is almost dead.
The ice devil misses you.
Your +2 long sword of flaming stops flaming.
Your +1 falchion of holy wrath softly glows with a divine radiance!
p - a +1 falchion of holy wrath (weapon)
The ice devil barely misses you.
You closely miss the ice devil.
You bite the ice devil, but do no damage.
The ice devil is almost dead.
The ice devil hits you!
* * * LOW HITPOINT WARNING * * *
The ice devil freezes you!!
You die...

#.#..'.).)[##.......#
#[#..#.))).##.......#
#'###########.......#
#)......# #########
#.###...# #[#.....#
∆∆∆∆ #)#...#.#+# ∆∆
#.....#.#4+ ∆∆
#...###.#@# ∆∆
#.......')# ∆
###########


You could see an ice devil.

Vanquished Creatures
  A fire bat (D)
  A kobold brigand (D)
  3 scorpions (D)
  3 wights (D)
  An iron imp (D)
  Terence (D)
  An adder (D)
  An endoplasm (D)
  A goblin (D)
  A hobgoblin (D)
  A ball python skeleton (D)
  A frilled lizard (D)
  2 kobolds (D)
18 creatures vanquished.

Notes
Turn   | Place    | Note
-------+----------+-------------------------------------------
     0 | D        | rocky1 the Gnoll Hunter began the quest for the Orb.
     0 | D        | Reached XP level 1. HP: 20/20 MP: 1/1
    18 | D        | Found a bloodstained altar of Trog.
    18 | D        | Found a shimmering blue altar of Sif Muna.
    18 | D        | Found a viscous altar of Jiyva.
    18 | D        | Found a hazy altar of Hepliaklqana.
    18 | D        | Found an opulent altar of Gozag.
    40 | D        | Found a glowing golden altar of the Shining One.
    40 | D        | Found a glowing silver altar of Zin.
    40 | D        | Found a basalt altar of Yredelemnul.
    40 | D        | Found a shimmering altar of Xom.
    40 | D        | Found an ornate altar of the Wu Jian Council.
    40 | D        | Found a sacrificial altar of Ru.
    40 | D        | Found a stormy altar of Qazlal.
    40 | D        | Found an iron altar of Okawaru.
    40 | D        | Found a sparkling altar of Nemelex Xobeh.
    40 | D        | Found a burning altar of Makhleb.
    40 | D        | Found a blossoming altar of Fedhas.
    40 | D        | Found a white marble altar of Elyvilon.
    40 | D        | Found a shadowy altar of Dithmenos.
    40 | D        | Found a snail-covered altar of Cheibriados.
    43 | D        | Found a corrupted altar of Lugonu.
    43 | D        | Found a radiant altar of Vehumet.
    45 | D        | Found a broken altar of Ashenzari.
    45 | D        | Found an ancient bone altar of Kikubaaqudgha.
    45 | D        | Found a hide-covered altar of Uskayaw.
    51 | D        | Became a worshipper of Cheibriados the Contemplative
    68 | D        | Noticed a scorpion
    74 | D        | Killed a scorpion
    74 | D        | Reached * piety under Cheibriados
    75 | D        | Reached skill level 5 in Fighting
    75 | D        | Reached skill level 5 in Dodging
    75 | D        | Reached skill level 1 in Conjurations
    75 | D        | Reached skill level 1 in Hexes
    75 | D        | Reached skill level 1 in Summonings
    75 | D        | Reached skill level 1 in Necromancy
    75 | D        | Reached skill level 1 in Translocations
    75 | D        | Reached skill level 1 in Transmutations
    75 | D        | Reached skill level 1 in Fire Magic
    75 | D        | Reached skill level 1 in Ice Magic
    75 | D        | Reached skill level 1 in Air Magic
    75 | D        | Reached skill level 1 in Earth Magic
    75 | D        | Reached skill level 1 in Poison Magic
    75 | D        | Reached XP level 2. HP: 27/27 MP: 1/5
    75 | D        | Reached XP level 3. HP: 33/33 MP: 1/6
   146 | D        | Reached ** piety under Cheibriados
   147 | D        | Reached XP level 4. HP: 39/39 MP: 7/7
   147 | D        | Noticed a kobold brigand
   171 | D        | Killed a kobold brigand
   172 | D        | Reached skill level 9 in Ranged Weapons
   172 | D        | Reached XP level 5. HP: 27/46 MP: 7/10
   341 | D        | Reached *** piety under Cheibriados
   397 | D        | Noticed Terence
   408 | D        | Reached skill level 5 in Stealth
   408 | D        | Reached XP level 6. HP: 39/53 MP: 10/12
   413 | D        | Killed Terence
   503 | D        | Noticed a fire bat
   514 | D        | Reached skill level 5 in Invocations
   516 | D        | Reached **** piety under Cheibriados
   517 | D        | Reached skill level 5 in Short Blades
   517 | D        | Reached skill level 5 in Long Blades
   517 | D        | Reached skill level 5 in Axes
   517 | D        | Reached skill level 5 in Maces & Flails
   517 | D        | Reached skill level 5 in Polearms
   517 | D        | Reached skill level 5 in Staves
   517 | D        | Reached skill level 10 in Ranged Weapons
   517 | D        | Reached skill level 5 in Throwing
   517 | D        | Reached skill level 5 in Armour
   517 | D        | Reached skill level 5 in Shields
   517 | D        | Reached skill level 5 in Unarmed Combat
   517 | D        | Reached skill level 5 in Spellcasting
   517 | D        | Reached skill level 5 in Evocations
   556 | D        | Killed a fire bat
   556 | D        | Reached ***** piety under Cheibriados
   557 | D        | Reached XP level 7. HP: 48/60 MP: 13/15
   620 | D        | Noticed an ice devil
   635 | D        | Mangled by an ice devil

Illustrated notes

Levels and vault maps discovered:
D:        pitsprint [storerooms_1, entrance_room_1, metal_vault_4, armoury_2,
          mini_pit_1, grid_room_1, main_hall_1, silver_pit, the_coven_1,
          the_vestibule_1, steel_vault_2, golden_pit, hallway_of_sentries,
          crystal_vault_2, iron_vault_5, final_vault]

Skill      XL: |  1  2  3  4  5  6 |
---------------+-------------------+-----
Fighting       | 5 6 7 |  7.4
Short Blades   | 2 3 4 5 |  5.7
Long Blades    | 2 3 4 5 |  5.7
Axes           | 2 3 4 5 |  5.7
Maces & Flails | 2 3 4 5 |  5.7
Polearms       | 2 3 4 5 |  5.7
Staves         | 2 3 4 5 |  5.7
Throwing       | 2 3 4 5 |  5.7
Armour         | 2 3 4 5 |  5.7
Dodging        | 5 6 7 |  7.4
Stealth        | 3 4 5 6 |  6.2
Shields        | 2 3 4 5 |  5.7
Unarmed Combat | 2 3 4 5 |  5.7
Spellcasting   | 2 3 4 5 |  5.7
Conjurations   | 1 2 3 4 |  4.7
Hexes          | 1 2 3 4 |  4.7
Summonings     | 1 2 3 4 |  4.7
Necromancy     | 1 2 3 4 |  4.7
Translocations | 1 2 3 4 |  4.7
Transmutations | 1 2 3 4 |  4.7
Fire Magic     | 1 2 3 4 |  4.7
Ice Magic      | 1 2 3 4 |  4.7
Air Magic      | 1 2 3 4 |  4.7
Earth Magic    | 1 2 3 4 |  4.7
Poison Magic   | 1 2 3 4 |  4.7
Invocations    | 2 3 4 6 |  6.2
Evocations     | 2 3 4 5 |  5.7
Ranged Weapons | 9 10 | 10.3

Action                   |  1- 3 |  4- 6 |  7- 9 || total
-------------------------+-------+-------+-------++-------
Melee: Falchion          |     3 |    34 |    14 ||    51
       Long sword        |       |    14 |    13 ||    27
       Bite              |       |     4 |     5 ||     9
       Punch             |       |     2 |     3 ||     5
 Fire: Shortbow          |     6 |    13 |       ||    19
  Use: Potion            |     1 |     3 |       ||     4
 Stab: Sleeping          |       |       |     2 ||     2
Armor: Leather armour    |     1 |     2 |       ||     3
       Ring mail         |       |     6 |     2 ||     8
Dodge: Dodged            |     2 |    57 |    22 ||    81

Table legend: (Time is in decaauts)
 A = Elapsed time spent in this place.
 B = Non-inter-level travel time spent in this place.
 C = Inter-level travel time spent in this place.
 D = Time resting spent in this place.
 E = Time spent auto-exploring this place.
 F = Levels seen in this place.
 G = Mean time per level.
                   A        B        C        D        E       F      G
               +--------+--------+--------+--------+--------+-----+--------+
         Total |    742 |    713 |     29 |    341 |      0 |   1 |  742.0 |
       Dungeon |    742 |    713 |     29 |    341 |      0 |   1 |  742.0 |
               +--------+--------+--------+--------+--------+-----+--------+

Top non-repeatable levels by time:
       D: 742 daAuts
